 Dungeon Crawl Stone Soup version 0.19.0-20-gbc5f0c6 (webtiles) character file.

244691 Lochraine the Severer (level 20, -6/164 HPs)
             Began as a Formicid Fighter on Nov 14, 2016.
             Was the Champion of Dithmenos.
             Mangled by an acid blob (22 damage)
             ... on level 1 of the Pits of Slime on Nov 16, 2016.
             The game lasted 02:24:17 (42698 turns).

Lochraine the Severer (Formicid Fighter)           Turns: 42698, Time: 02:24:18

Health: -6/164     AC:  7    Str: 30    XL:     20   Next: 23%
Magic:  0/28       EV: 16    Int:  9    God:    Dithmenos [******]
Gold:   2150       SH:  0    Dex: 15    Spells: 0 memorised, 19 levels left

rFire  . . .     SeeInvis +     b - +5 battleaxe (freeze)
rCold  + . .     Gourm    .     K - +2 leather armour "Jitsisel" {MR+ Int+3}
rNeg   . . .     Faith    .     N - +5 shield of Cowardice {rC+}
rPois  +         Spirit   +     (helmet unavailable)
rElec  .         Reflect  .     J - +2 cloak {rPois}
rCorr  +         Harm     .     I - +0 pair of gloves of Beogh's Hope {Str+5}
MR     ++++.                    m - +2 pair of boots
Stlth  ++........               L - amulet of guardian spirit
                                S - ring of resist corrosion
                                Q - ring of protection from magic

@: confused, corroded, wreathed by umbra
A: permanent stasis, dig shafts and tunnels, four strong arms, antennae 3, dopey
1
a: Dig, Shaft Self, Shadow Step, Shadow Form, Renounce Religion
}: 2/15 runes: decaying, serpentine


You were on level 1 of the Pits of Slime.
You worshipped Dithmenos.
Dithmenos was exalted by your worship.
You were very full.

You visited 6 branches of the dungeon, and saw 33 of its levels.
You also visited: Ice Cave.

You collected 2965 gold pieces.
You spent 815 gold pieces at shops.

Inventory:

Hand Weapons
 a - a +0 arbalest of freezing
 b - a +5 battleaxe of freezing (weapon)
 l - a +3 battleaxe of protection
 Y - a +2 whip of electrocution
Missiles
 n - 15 javelins (quivered)
 Z - 173 bolts
Armour
 m - a +2 pair of boots (worn)
 x - the +8 plate armour of the Equinox {rN+}
   (You found it on level 5 of the Lair of Beasts)

   It protects you from negative energy.
 A - the +2 leather armour of the Loofah {*Drain rPois rF+++ Str-4}
   (You found it on level 12 of the Dungeon)

   It affects your strength (-4).
   It renders you almost immune to fire.
   It protects you from poison.
   It causes draining when unequipped.
 I - the +0 pair of gloves of Beogh's Hope (worn) {Str+5}
   (You bought it in a shop on level 13 of the Dungeon)

   It affects your strength (+5).
 J - a +2 cloak of poison resistance (worn)
 K - the +2 leather armour "Jitsisel" (worn) {MR+ Int+3}
   (You found it on level 15 of the Dungeon)

   It affects your intelligence (+3).
   It affects your resistance to hostile enchantments.
 N - the +5 shield of Cowardice (worn) {rC+}
   (You found it on level 2 of the Snake Pit)

   It protects you from cold.
Jewellery
 i - an uncursed ring of positive energy
 q - an uncursed ring of fire
 y - an uncursed ring of protection from magic
 B - an uncursed ring of protection from cold
 L - an amulet of guardian spirit (around neck)
 O - an uncursed ring of protection from fire
 Q - a ring of protection from magic (left hand)
 S - a ring of resist corrosion (right hand)
Wands
 d - a wand of polymorph (11/24)
 u - a wand of acid (2/15)
 F - a wand of paralysis (4/24)
 P - a wand of acid (7/15)
 T - a wand of iceblast (10/15)
 W - a wand of confusion (25/48)
 X - a wand of lightning (3/15)
Scrolls
 e - 3 scrolls of amnesia
 g - 3 scrolls of fog
 k - 7 scrolls of recharging
 o - 8 scrolls of identify
 r - 2 scrolls of summoning
 s - 6 scrolls of magic mapping
 t - 6 scrolls of fear
 w - 5 scrolls of remove curse
 R - a scroll of enchant armour
Potions
 h - 11 potions of curing
 j - 5 potions of brilliance
 p - 2 potions of magic
 z - a potion of might
 C - 3 potions of cure mutation
 D - 3 potions of flight
 E - 3 potions of resistance
 G - 2 potions of agility
 H - 4 potions of ambrosia
Comestibles
 c - 8 slices of pizza
 v - 5 royal jellies
 M - 41 fruits
 U - 19 meat rations


   Skills:
 + Level 15.9 Fighting
 * Level 19.2 Axes
 - Level 2.6(13.2) Maces & Flails
 - Level 8.4 Crossbows
 - Level 14.3 Armour
 + Level 7.2 Dodging
 - Level 8.2 Stealth
 - Level 13.1 Shields
 - Level 10.7 Invocations
 - Level 9.0 Evocations


You had 19 spell levels left.
You didn't know any spells.

Dungeon Overview and Level Annotations

Branches:
Dungeon (15/15)            Temple (0/1) D:7            Lair (6/6) D:8
  Swamp (4/4) Lair:2        Snake (4/4) Lair:2        Slime (2/5) Lair:6
    Orc (2/2) D:11            Elf (0/3) Orc:2        Vaults (0/5) D:13
 Depths (0/5) D:15

Altars:
Cheibriados
Dithmenos
Makhleb
Qazlal
Ru
Sif Muna
Trog
Xom
Zin
The Shining One
Beogh

Shops:
D:8 :   D:12 !   D:13 [   Orc:2 ?%?:   Snake:1 *

Annotations:
D:4 TatsumakiMagi's ghost, amateur DrEE
D:13 1 runed door
Lair:3 exclusion: hydra


Innate Abilities, Weirdness & Mutations

You are under a permanent stasis effect.
You can dig through walls and to a lower floor.
Your four strong arms can wield two-handed weapons with a shield.
You have a pair of large antennae on your head. (SInv)
You are dopey. (Int -2)


Message History

Your shadow is burned by acid!
The azure jelly hits you but does no damage. x4
You slice the azure jelly!! You freeze the azure jelly.
The azure jelly is heavily wounded.
You slash the acid blob! You freeze the acid blob.
Your hands burn!
* * * LOW HITPOINT WARNING * * *
The acid blob spits acid at you. The splash of acid hits you! You resist.
* * * LOW HITPOINT WARNING * * *
You are splashed with acid!
The acid burns!
You resist.
* * * LOW HITPOINT WARNING * * *
You emit a cloud of dark smoke.
The azure jelly misses you. The azure jelly hits you!
* * * LOW HITPOINT WARNING * * *
The azure jelly freezes you! You resist.
* * * LOW HITPOINT WARNING * * *
The azure jelly completely misses you. The azure jelly hits you.
* * * LOW HITPOINT WARNING * * *
The acid blob hits you!!
You die...

##..... ...##
#......##.... #
...............#
......#.......#
.............#
....#.....#.##
.........§.....#
.......§§§@....#
....##.§§JJ§...#
.......§§§§§..##
#......§.§§§...#
.............##
..##.....#....#
###.........#
#....<.......#
#..........#.##


You could see an acid blob and an azure jelly.

Vanquished Creatures
  the Lernaean hydra (Swamp:4)
  Jorgrun (Snake:2)
  2 acid blobs
  Donald (Orc:2)
  A storm dragon (Swamp:4)
  An azure jelly (Slime:2)
  8 nagarajas
  An orc warlord (Orc:1)
  A very ugly thing (Swamp:1)
  A white draconian (IceCv)
  Fannar (Lair:2)
  The ghost of markt42 the Severer, a journeyman HOFi of Okawaru (Lair:1)
  24 hydras
  6 ghost crabs
  18 naga warriors
  2 ice dragons (D:15)
  18 anacondas
  2 dancing weapons (D:13)
  14 death yaks
  9 alligators
  2 catoblepae
  5 centaur warriors
  A deep troll shaman (Lair:6)
  5 orc high priests (Orc:2)
  12 naga sharpshooters
  6 shock serpents
  Urug (D:12)
  13 spriggans
  10 salamander mystics
  2 unseen horrors (D:10)
  A wizard (D:14)
  4 shambling mangroves
  A spriggan druid (Swamp:4)
  13 swamp dragons
  9 naga ritualists
  2 hill giants (D:14)
  13 mana vipers
  7 orc knights
  6 lindwurms
  A shining eye (Slime:2)
  2 oklob plants (Lair:6)
  2 ugly things
  4 cyclopes
  11 elephants
  3 manticores
  6 guardian serpents
  14 salamanders
  An ice statue (IceCv)
  Maurice (Orc:2)
  An eye of devastation (Slime:1)
  A water nymph (Snake:4)
  37 black mambas
  A gargoyle (D:15)
  16 spiny frogs
  3 centaur zombies
  20 naga magi
  3 rime drakes
  2 efreet
  9 komodo dragons
  6 tyrant leeches
  2 tengu conjurers (D:14)
  21 polar bears
  6 trolls
  Prince Ribbit (D:7)
  18 hornets
  38 slime creatures
  12 hippogriffs
  7 dream sheep
  12 blink frogs
  A bog body (Swamp:1)
  2 water elementals (D:13)
  A shadow (Swamp:1)
  62 yaks
  A vampire (D:12)
  3 wyverns
  2 hogs (Swamp:2)
  2 hungry ghosts
  4 basilisks
  28 nagas
  21 vampire mosquitoes
  Grum (D:8)
  A warg (Orc:2)
  A mottled dragon (D:13)
  19 swamp worms
  A soldier ant (D:15)
  15 water moccasins
  8 porcupines
  39 orc warriors
  2 sky beasts
  14 swamp drakes
  3 ice beasts
  2 phantoms
  5 black bears
  11 ogres
  41 wolves
  An eye of draining (Slime:2)
  2 necrophages
  12 centaurs
  15 crocodiles
  3 big kobolds (D:9)
  Blork the orc (D:4)
  21 bullfrogs
  4 scorpions
  A wyvern skeleton (D:14)
  3 killer bees (D:8)
  9 wights
  6 howler monkeys
  3 electric eels
  2 quasits
  3 crimson imps
  3 bullfrog skeletons
  2 jellies
  23 orc wizards
  27 orc priests
  4 centaur skeletons
  4 hounds
  4 iguanas
  13 worker ants
  A hound zombie (D:10)
  A hound skeleton (D:6)
  2 worker ant zombies
  2 howler monkey skeletons
  4 gnolls (D:4)
  29 adders
  4 shadow imps
  An ooze (D:1)
  5 dart slugs
  6 leopard geckos
  85 orcs
  10 bats
  5 giant cockroaches
  8 goblins
  6 hobgoblins
  9 jackals
  8 kobolds
  6 quokkas
  3 ball pythons
  8 frilled lizards
  A quokka zombie (D:5)
  6 rats
  8 bushes (Lair:2)
  2 fungi (Lair:6)
  4 plants
1167 creatures vanquished.

Vanquished Creatures (collateral kills)
  A bullfrog (Lair:5)
  An electric eel (Lair:5)
2 creatures vanquished.

Vanquished Creatures (others)
  Kirke (Swamp:2)
  An alligator (Swamp:4)
  A wizard (D:15)
  A human (Swamp:2)
  A hog (Swamp:2)
  An orc wizard (Orc:2)
  A bush (Lair:2)
  44 fungi
  30 plants
81 creatures vanquished.

Grand Total: 1250 creatures vanquished

Notes
Turn   | Place    | Note
-------+----------+-------------------------------------------
     0 | D:1      | Lochraine the Formicid Fighter began the quest for the Orb.
     0 | D:1      | Reached XP level 1. HP: 18/18 MP: 1/1
    37 | D:1      | Reached XP level 2. HP: 21/24 MP: 2/2
   295 | D:1      | Reached XP level 3. HP: 29/29 MP: 3/3
   850 | D:2      | Reached skill level 3 in Axes
   850 | D:2      | Reached XP level 4. HP: 37/37 MP: 4/4
  1547 | D:3      | Found a shadowy altar of Dithmenos.
  1828 | D:3      | Reached XP level 5. HP: 42/42 MP: 5/5
  2074 | D:3      | Became a worshipper of Dithmenos the Shadowed
  2200 | D:4      | HP: 1/42 [iguana (10)]
  2202 | D:4      | Reached XP level 6. HP: 2/48 MP: 6/6
  2514 | D:4      | Noticed a phantom
  2555 | D:4      | Killed a phantom
  2555 | D:4      | Reached skill level 4 in Axes
  2555 | D:4      | Reached skill level 1 in Stealth
  2681 | D:4      | Noticed a hippogriff
  2688 | D:4      | Killed a hippogriff
  2688 | D:4      | Reached skill level 5 in Shields
  2688 | D:4      | Reached XP level 7. HP: 47/55 MP: 7/7
  3058 | D:4      | Reached skill level 5 in Axes
  3058 | D:4      | Reached skill level 5 in Armour
  3199 | D:4      | Noticed TatsumakiMagi's ghost (amateur DrEE)
  3509 | D:4      | Found a sacrificial altar of Ru.
  3541 | D:4      | Reached XP level 8. HP: 53/61 MP: 8/8
  3717 | D:4      | Noticed Blork the orc
  3728 | D:4      | Killed Blork the orc
  3728 | D:4      | Reached skill level 5 in Fighting
  3870 | D:4      | Reached * piety under Dithmenos
  4087 | D:5      | Entered Level 5 of the Dungeon
  4542 | D:5      | Found a glowing golden altar of the Shining One.
  4689 | D:5      | Reached skill level 6 in Axes
  4714 | D:5      | Found a stormy altar of Qazlal.
  4986 | D:6      | Reached XP level 9. HP: 56/68 MP: 9/9
  4995 | D:6      | Reached skill level 1 in Dodging
  5158 | D:6      | Reached ** piety under Dithmenos
  5347 | D:6      | Reached skill level 5 in Stealth
  5352 | D:6      | Reached skill level 7 in Axes
  6108 | D:7      | Found a staircase to the Ecumenical Temple.
  6110 | D:7      | Noticed Prince Ribbit
  6135 | D:7      | Killed Prince Ribbit
  6544 | D:8      | Noticed Grum
  6562 | D:7      | Reached XP level 10. HP: 62/77 MP: 10/10
  6887 | D:8      | Noticed a spiny frog
  6930 | D:8      | Killed a spiny frog
  6930 | D:8      | Reached skill level 8 in Axes
  6996 | D:8      | Reached *** piety under Dithmenos
  7166 | D:8      | Found Yshriff's Book Shoppe.
  7268 | D:8      | Found a glowing golden altar of the Shining One.
  7293 | D:8      | Found a staircase to the Lair.
  7320 | D:9      | Found a shimmering altar of Xom.
  7523 | D:8      | Killed Grum
  7523 | D:8      | Reached skill level 1 in Invocations
  7544 | Lair:1   | Entered Level 1 of the Lair of Beasts
  7781 | Lair:1   | Noticed a komodo dragon
  7799 | Lair:1   | Killed a komodo dragon
  7805 | Lair:1   | Reached skill level 1 in Maces & Flails
  8147 | Lair:1   | Noticed a komodo dragon
  8158 | Lair:1   | Killed a komodo dragon
  8158 | Lair:1   | Reached XP level 11. HP: 84/84 MP: 7/12
  8364 | Lair:1   | Noticed markt42's ghost (journeyman HOFi)
  8386 | Lair:1   | You fall through a shaft!
 10145 | Lair:3   | Noticed a seven-headed hydra
 11459 | Lair:4   | Reached skill level 5 in Dodging
 11461 | Lair:4   | Reached **** piety under Dithmenos
 11461 | Lair:4   | Reached skill level 9 in Axes
 11472 | Lair:4   | Reached XP level 12. HP: 63/93 MP: 15/15
 11816 | Lair:4   | Reached skill level 5 in Invocations
 11842 | Lair:4   | Noticed a six-headed hydra
 12277 | Lair:4   | Noticed a seven-headed hydra
 12296 | Lair:5   | Noticed an eight-headed hydra
 12333 | Lair:5   | Noticed a death yak
 12334 | Lair:5   | Noticed a death yak
 12334 | Lair:5   | Noticed a death yak
 12337 | Lair:5   | Noticed a death yak
 12342 | Lair:6   | Entered Level 6 of the Lair of Beasts
 13562 | Lair:5   | You fall through a shaft!
 13608 | Lair:6   | Reached skill level 10 in Axes
 14150 | Lair:6   | HP: 3/94 [elephant (5)]
 14602 | Lair:4   | Killed a six-headed hydra
 14899 | Lair:4   | Reached skill level 10 in Invocations
 14910 | Lair:4   | Reached XP level 13. HP: 97/99 MP: 20/20
 14960 | Lair:5   | Noticed a six-headed hydra
 15412 | Lair:5   | Got a warped plate armour
 15446 | Lair:5   | Identified the +8 plate armour of the Equinox {rN+} (You found it on level 5 of the Lair of Beasts)
 15503 | Lair:5   | You fall through a shaft!
 15693 | Lair:6   | Noticed a five-headed hydra
 15876 | Lair:6   | Killed a five-headed hydra
 15969 | Lair:6   | Reached skill level 11 in Axes
 16028 | Lair:6   | Reached ***** piety under Dithmenos
 16060 | Lair:6   | Noticed an eight-headed hydra
 16094 | Lair:6   | Noticed an eight-headed hydra
 16119 | Lair:6   | Killed an eight-headed hydra
 16127 | Lair:6   | Killed an eight-headed hydra
 16588 | Lair:6   | Reached skill level 10 in Fighting
 16609 | Lair:6   | Noticed a catoblepas
 16633 | Lair:6   | Killed a catoblepas
 17168 | Lair:6   | Reached skill level 10 in Armour
 17168 | Lair:6   | Reached skill level 12 in Axes
 17281 | Lair:6   | Found a staircase to the Slime Pits.
 17719 | Lair:6   | Reached XP level 14. HP: 96/111 MP: 22/22
 17795 | Lair:5   | You fall through a shaft!
 18517 | Lair:4   | You fall through a shaft!
 19629 | Lair:4   | Reached skill level 13 in Axes
 20769 | Lair:2   | Found a staircase to the Swamp.
 20852 | Lair:2   | Noticed Fannar
 20876 | Lair:2   | Killed Fannar
 20919 | Lair:2   | Found a staircase to the Snake Pit.
 21460 | D:8      | Found a shimmering altar of Xom.
 21500 | D:8      | Found a glowing silver altar of Zin.
 21501 | D:8      | Found a snail-covered altar of Cheibriados.
 21530 | D:9      | Found a shimmering altar of Xom.
 22004 | D:9      | Reached XP level 15. HP: 86/122 MP: 23/23
 22046 | D:9      | Found a shimmering altar of Xom.
 22047 | D:9      | Found a shimmering altar of Xom.
 22059 | D:9      | Found a shimmering altar of Xom.
 22729 | D:10     | Entered Level 10 of the Dungeon
 23414 | D:10     | Found a burning altar of Makhleb.
 23570 | D:11     | Found a frozen archway.
 23582 | IceCv    | Entered an ice cave
 23654 | IceCv    | Reached ****** piety under Dithmenos
 23846 | IceCv    | Reached skill level 1 in Evocations
 24552 | D:11     | Found a staircase to the Orcish Mines.
 24739 | D:11     | Found a roughly hewn altar of Beogh.
 25369 | D:12     | Noticed Urug
 25382 | D:12     | Killed Urug
 25664 | D:12     | Got a distressingly furry leather armour
 25675 | D:12     | Identified the +2 leather armour of the Loofah {*Drain rPois rF+++ Str-4} (You found it on level 12 of the Dungeon)
 25943 | D:12     | Reached skill level 14 in Axes
 26036 | D:12     | Reached skill level 5 in Evocations
 26218 | D:12     | Found a roughly hewn altar of Beogh.
 26263 | D:12     | Found Roopny's Distillery.
 26266 | D:12     | Bought a potion of curing for 42 gold pieces
 26266 | D:12     | Bought a potion of might for 56 gold pieces
 26266 | D:12     | Bought a potion of agility for 56 gold pieces
 26547 | D:13     | Found a runed door.
 26833 | D:13     | Found a gate to the Vaults.
 27051 | D:13     | Found Qatogurr's Armour Boutique.
 27056 | D:13     | Bought the +0 pair of gloves of Beogh's Hope {Str+5} for 374 gold pieces
 27220 | D:14     | Reached XP level 16. HP: 131/131 MP: 24/24
 27910 | D:15     | Entered Level 15 of the Dungeon
 27956 | D:15     | Identified the +2 leather armour "Jitsisel" {MR+ Int+3} (You found it on level 15 of the Dungeon)
 27983 | D:15     | Found a staircase to the Depths.
 28478 | D:15     | Found a bloodstained altar of Trog.
 28574 | D:15     | Found a glowing golden altar of the Shining One.
 28725 | Orc:1    | Entered Level 1 of the Orcish Mines
 28846 | Orc:2    | Entered Level 2 of the Orcish Mines
 29086 | Orc:2    | Found a staircase to the Elven Halls.
 29086 | Orc:2    | Noticed Donald
 29107 | Orc:2    | Killed Donald
 29683 | Orc:2    | Reached skill level 15 in Axes
 29900 | Orc:2    | Found Genicy's Magic Scroll Shop.
 29903 | Orc:2    | Found Lempurus's Magic Scroll Shop.
 29904 | Orc:2    | Found Tuopink's Book Shop.
 29905 | Orc:2    | Found Qaxt's Food Boutique.
 30031 | Orc:2    | Noticed Maurice
 30052 | Orc:2    | Killed Maurice
 30960 | Swamp:1  | Entered Level 1 of the Swamp
 31477 | Swamp:1  | Found a deep blue altar of Sif Muna.
 31490 | Swamp:1  | Reached skill level 10 in Shields
 31882 | Swamp:1  | Reached XP level 17. HP: 136/139 MP: 23/25
 32461 | Swamp:2  | Identified a scroll of acquirement
 32683 | Swamp:2  | Noticed Kirke
 32699 | Swamp:2  | Killed Kirke
 33959 | Swamp:3  | Noticed a thorn hunter
 33959 | Swamp:4  | Entered Level 4 of the Swamp
 33979 | Swamp:4  | Reached skill level 16 in Axes
 35030 | Swamp:4  | Noticed the 27-headed Lernaean hydra
 35045 | Swamp:4  | Reached skill level 15 in Fighting
 35047 | Swamp:4  | Noticed a storm dragon
 35047 | Swamp:4  | a seven-headed hydra changed into a storm dragon
 35048 | Swamp:4  | Killed the 26-headed Lernaean hydra
 35085 | Swamp:4  | Reached XP level 18. HP: 69/149 MP: 19/26
 35456 | Swamp:4  | Got a decaying rune of Zot
 35981 | Lair:1   | Killed markt42's ghost
 36341 | Snake:1  | Entered Level 1 of the Snake Pit
 36669 | Snake:1  | Found Jyalicze's Assorted Antiques.
 36685 | Snake:1  | Bought a scroll of enchant weapon for 172 gold pieces
 36685 | Snake:1  | Bought a glass ring for 115 gold pieces
 37586 | Snake:2  | Got a spiked shield
 37600 | Snake:2  | Identified the +5 shield of Cowardice {rC+} (You found it on level 2 of the Snake Pit)
 37901 | Snake:2  | Reached skill level 17 in Axes
 37901 | Snake:2  | Reached skill level 1 in Crossbows
 37955 | Snake:2  | Noticed Jorgrun
 37964 | Snake:2  | Killed Jorgrun
 39094 | Snake:3  | Reached skill level 5 in Crossbows
 39388 | Snake:4  | Entered Level 4 of the Snake Pit
 39395 | Snake:4  | Reached XP level 19. HP: 145/155 MP: 24/27
 40293 | Snake:4  | Reached skill level 18 in Axes
 41949 | Snake:4  | Reached XP level 20. HP: 96/163 MP: 24/28
 42113 | Snake:4  | Got a serpentine rune of Zot
 42174 | Snake:4  | Upgraded the game from 0.19.0-19-g8c6edcc to 0.19.0-20-gbc5f0c6
 42233 | Snake:4  | Reached skill level 19 in Axes
 42476 | Slime:1  | Entered Level 1 of the Pits of Slime
 42679 | Slime:2  | Gained mutation: You are dopey. (Int -2) [a shining eye]
 42698 | Slime:1  | Mangled by an acid blob

Skill      XL: |  1  2  3  4  5  6  7  8  9 10 11 12 13 14 15 16 17 18 19 20 |
---------------+-------------------------------------------------------------+-----
Axes           | 3 4 5 6 7 8 9 10 12 13 14 15 16 17 18 19 | 19.2
Shields        | 4 5 6 7 8 9 10 11 13 | 13.1
Armour         | 4 5 6 7 9 10 12 13 14 | 14.3
Fighting       | 4 5 6 7 8 10 12 13 14 15 | 15.9
Stealth        | 2 3 4 6 7 8 |  8.2
Dodging        | 2 3 5 6 7 |  7.2
Invocations    | 2 4 10 | 10.7
Maces & Flails | 1 2 |  2.6
Evocations     | 6 9 |  9.0
Crossbows      | 5 8 |  8.4

Action                   |  1- 3 |  4- 6 |  7- 9 | 10-12 | 13-15 | 16-18 | 19-21 || total
-------------------------+-------+-------+-------+-------+-------+-------+-------++-------
Melee: War axe           |    82 |   168 |   260 |       |       |       |       ||   510
       Hand axe          |       |       |   136 |   108 |       |       |       ||   244
       Whip              |       |       |       |   217 |    87 |    92 |    10 ||   406
       Dagger            |       |       |       |     2 |       |       |       ||     2
       Battleaxe         |       |       |       |   327 |  1227 |  1277 |   544 ||  3375
 Fire: Hand crossbow     |       |       |       |       |     4 |       |       ||     4
       Arbalest          |       |       |       |       |       |       |     6 ||     6
Throw: Throwing net      |       |     1 |       |       |       |       |       ||     1
       Javelin           |       |     6 |     5 |       |    15 |     2 |     5 ||    33
Invok: Shadow Step       |       |       |       |     1 |       |     4 |       ||     5
       Shadow Form       |       |       |       |       |     1 |     1 |       ||     2
 Abil: Dig               |       |       |       |    18 |    11 |     8 |       ||    37
       Shaft Self        |       |       |       |     2 |     2 |       |       ||     4
Evoke: Wand              |       |       |       |       |     1 |    26 |    10 ||    37
       Phantom mirror    |       |       |       |       |       |     1 |       ||     1
  Use: Potion            |       |       |     4 |    16 |     1 |    12 |     3 ||    36
       Scroll            |       |       |     8 |    16 |    17 |    13 |     1 ||    55
 Stab: Sleeping          |       |       |     3 |     8 |     2 |     4 |     1 ||    18
       Invisible         |       |       |       |     2 |     9 |    14 |       ||    25
       Distracted        |       |       |       |     1 |     1 |     2 |     1 ||     5
       Paralysed         |       |       |       |       |       |     4 |     3 ||     7
       Confused          |       |       |       |       |       |     3 |       ||     3
  Eat: Chunk             |       |     5 |    14 |    12 |    32 |    27 |     2 ||    92
       Meat ration       |       |       |       |     2 |       |       |       ||     2
       Pizza             |       |       |       |     1 |       |       |       ||     1
       Royal jelly       |       |       |       |     1 |       |       |       ||     1
       Bread ration      |       |       |       |     2 |     2 |     4 |     2 ||    10
       Beef jerky        |       |       |       |     2 |       |     3 |     1 ||     6
       Fruit             |       |       |       |     1 |       |       |       ||     1
Armor: Scale mail        |    48 |    39 |    50 |    60 |       |       |       ||   197
       Plate armour      |       |    50 |   134 |    22 |   748 |   334 |   161 ||  1449
       Ring mail         |       |       |       |   108 |     8 |       |       ||   116
       Leather armour    |       |       |       |       |     1 |    13 |    12 ||    26
       Swamp dragon scal |       |       |       |       |       |   101 |       ||   101
Dodge: Dodged            |    30 |    51 |    97 |   291 |   405 |   421 |   131 ||  1426
Block: Shield            |    44 |    80 |   226 |   139 |       |   178 |   411 ||  1078
       Large shield      |       |       |       |   455 |  1260 |  1014 |       ||  2729
